Map: Abyssal Reef LE

Players

Bly

  • Race: Zerg Zerg
  • League: Master
  • Spawn Location: 11:00

ShoWTimE - Winner!

  • Race: Protoss Protoss
  • Spawn Location: 5:00

Event: HomeStory Cup XV

VOD

Have the link to the VOD?

Description

Time

  • Played on: July 22, 2017, 10:18 a.m.
  • Length: 15:30

All games in this series

Show
View Real Time Build Order
Export as new Build Order

Bly Zerg 

Build Orders: Hatch First, Lurkers, Muta Ling Bane 

Get SALT Encoding   

  12  0:01  Drone  
  13  0:13  Overlord  
  13  0:18  Drone  
  14  0:31  Drone x2  
  14  0:35  Drone  
  17  0:52  Drone  
  18  1:13  Hatchery  
  18  1:18  Drone  
  18  1:22  Extractor  
  18  1:23  Spawning Pool  
  18  1:25  Drone x2  
  18  1:30  Drone  
  19  1:42  Overlord  
  19  1:50  Drone  
  20  2:01  Drone  
  21  2:09  Queen  
  21  2:13  Zergling x2  
  24  2:24  Queen  
  24  2:25  Zergling x2  
  24  2:26  Drone  
  24  2:27  Metabolic Boost  
  28  2:34  Drone  
  29  2:40  Drone  
  30  2:47  Drone x2  
  30  2:48  Queen  
  34  2:55  Overlord  
  34  2:58  Hatchery  
  33  3:04  Drone  
  34  3:12  Overlord  
  34  3:13  Drone  
  34  3:17  Drone  
  36  3:21  Drone x4  
  36  3:25  Queen  
  42  3:30  Queen  
  44  3:35  Drone x2  
  44  3:38  Drone x2  
  48  3:44  Overlord  
  48  3:50  Drone x2  
  50  4:00  Overlord  
  50  4:01  Drone x2  
  52  4:12  Spore Crawler  
  52  4:13  Drone x2  
  52  4:14  Drone x3  
  52  4:16  Overlord  
  56  4:25  Queen  
  56  4:27  Overlord  
  57  4:33  Overlord  
  57  4:34  Zergling x10  
  62  4:46  Zergling x2  
  62  4:47  Zergling x4  
  62  4:48  Evolution Chamber  
  62  4:49  Hatchery  
  62  4:51  Drone x2  
  64  4:55  Extractor, Drone  
  64  4:56  Drone x2  
  64  4:59  Drone x3  
  70  5:00  Baneling Nest, Drone  
  66  5:15  Drone x4  
  66  5:16  Drone x2  
  66  5:18  Drone  
  66  5:19  Zerg Melee Weapons Level 1  
  73  5:25  Zergling x2  
  74  5:34  Zergling x2  
  74  5:35  Zergling x14  
  82  5:42  Overlord  
  82  5:43  Lair  
  82  5:44  Extractor  
  82  5:45  Baneling x2  
  82  5:46  Drone  
  82  5:47  Overlord x2  
  82  5:48  Overlord x2  
  82  5:51  Baneling x2  
  82  5:52  Baneling  
  82  5:53  Baneling  
  82  5:55  Extractor, Overlord  
  82  5:56  Overlord  
  81  6:03  Overlord  
  80  6:09  Zergling x14  
  83  6:20  Drone x2  
  82  6:28  Zergling x8  
  82  6:29  Zergling x14  
  81  6:34  Drone x2  
  81  6:37  Drone  
  81  6:39  Drone x2  
  76  6:42  Drone x3  
  76  6:48  Spore Crawler  
  76  6:50  Drone  
  76  6:51  Drone x2  
  76  6:54  Drone  
  80  6:55  Drone x2  
  80  6:56  Drone x2  
  84  7:01  Centrifical Hooks  
  84  7:05  Drone x4  
  88  7:13  Drone x6  
  93  7:24  Drone x9  
  102  7:36  Drone  
  103  7:37  Drone x7  
  103  7:38  Extractor, Hydralisk Den  
  103  7:39  Extractor  
  102  7:55  Drone x13  
  114  8:01  Extractor  
  114  8:03  Extractor, Spire  
  111  8:12  Muscular Augments  
  111  8:21  Hydralisk  
  111  8:22  Hydralisk x7  
  127  8:31  Hatchery  
  127  8:33  Zerg Melee Weapons Level 2  
  126  8:35  Baneling x5  
  125  8:45  Hydralisk x5  
  135  8:49  Overlord  
  135  8:51  Overlord  
  135  8:52  Drone  
  135  8:53  Overlord x2  
  135  8:54  Overlord  
  133  9:04  Hydralisk  
  133  9:06  Overlord x6  
  135  9:17  Zerg Flyer Weapons Level 1  
  135  9:18  Mutalisk x7  
  149  9:30  Overseer  
  149  9:32  Extractor x2  
  149  9:33  Baneling x11  
  149  9:34  Zergling x12  
  149  9:35  Zergling x18  
  160  9:49  Zergling x26  
  159  10:05  Lurker Den  
  169  10:07  Zergling x14  
  169  10:11  Baneling x2  
  169  10:12  Baneling x4  
  176  10:16  Zergling x10  
  181  10:26  Hydralisk  
  181  10:27  Hydralisk x10  
  183  10:38  Baneling x19  
  183  10:39  Baneling x2  
  183  10:41  Zergling x8  
  182  11:04  Hydralisk  
  182  11:05  Hydralisk x6  
  182  11:07  Hatchery  
  168  11:41  Lurker x4  
  168  11:44  Zergling x30  
  182  11:55  Infestation Pit  
  178  12:11  Mutalisk x10  
  198  12:29  Zerg Missile Weapons Level 1  
  183  12:40  Mutalisk x3  
  183  12:41  Mutalisk x9  
  189  12:54  Mutalisk x4  
  189  12:56  Zergling x4  
  199  13:07  Hatchery  
  194  13:24  Overseer x3  
  187  13:33  Hive, Mutalisk  
  187  13:34  Mutalisk x4  
  197  13:45  Drone x2  
  197  13:47  Spore Crawler  
  198  13:49  Spore Crawler  
  198  13:51  Hatchery  
  148  14:28  Corruptor x11  
  148  14:29  Corruptor x5  
  170  14:46  Viper x2  
  170  14:51  Zergling x26  
  189  15:00  Zergling x2  
  189  15:01  Zergling x14  
Show
View Real Time Build Order
Export as new Build Order

ShoWTimE Protoss - Winner!

Build Orders: 1 Gate Expand, Oracle Opening, Phoenix Opening 

Get SALT Encoding   

  12  0:00  Probe (Chrono Boost)  
  13  0:11  Probe (Chrono Boost)  
  14  0:17  Pylon  
  14  0:22  Probe (Chrono Boost)  
  16  0:35  Probe (Chrono Boost)  
  16  0:39  Gateway  
  16  0:46  Probe (Chrono Boost)  
  16  0:48  Assimilator  
  17  0:57  Probe (Chrono Boost)  
  18  1:00  Pylon  
  18  1:07  Probe (Chrono Boost)  
  19  1:20  Probe (Chrono Boost)  
  20  1:34  Nexus  
  20  1:44  Cybernetics Core  
  20  1:46  Probe (Chrono Boost)  
  21  1:52  Assimilator  
  21  1:57  Probe (Chrono Boost)  
  22  2:01  Pylon  
  22  2:07  Probe (Chrono Boost)  
  23  2:18  Probe (Chrono Boost)  
  23  2:20  Adept (Chrono Boost)  
  23  2:21  Warp Gate  
  26  2:29  Probe  
  27  2:32  Stargate  
  27  2:41  Probe  
  28  2:44  Probe  
  28  2:45  Adept (Chrono Boost)  
  31  2:53  Probe  
  31  2:55  Probe  
  33  3:05  Probe  
  33  3:06  Probe, Gateway  
  35  3:15  Oracle (Chrono Boost)  
  35  3:17  Probe  
  35  3:18  Probe  
  40  3:25  Gateway  
  40  3:27  Probe  
  40  3:30  Probe  
  40  3:34  Pylon  
  42  3:38  Probe  
  43  3:42  Probe  
  43  3:44  Phoenix (Chrono Boost)  
  46  3:51  Pylon  
  46  3:52  Probe  
  46  3:54  Adept (Chrono Boost)  
  46  3:55  Probe  
  50  4:01  Twilight Council  
  50  4:04  Probe  
  50  4:07  Probe  
  52  4:16  Probe  
  53  4:19  Probe  
  54  4:28  Probe  
  55  4:31  Probe  
  55  4:32  Nexus  
  55  4:36  Pylon  
  55  4:37  Resonating Glaives (Chrono Boost)  
  56  4:39  Adept  
  56  4:40  Adept  
  56  4:42  Probe  
  61  4:47  Probe  
  61  4:50  Pylon  
  62  4:54  Probe  
  62  4:55  Adept  
  62  4:59  Assimilator  
  65  5:01  Probe, Assimilator  
  65  5:04  Pylon  
  65  5:06  Probe, Pylon  
  67  5:13  Mothership Core  
  69  5:15  Adept x3  
  69  5:18  Probe  
  76  5:30  Probe  
  76  5:34  Probe, Robotics Facility  
  78  5:36  Pylon  
  78  5:38  Adept x3  
  78  5:42  Probe  
  85  5:46  Probe  
  85  5:47  Probe  
  87  5:51  Gateway  
  87  5:54  Probe  
  88  5:57  Probe  
  88  5:59  Probe  
  90  6:06  Probe  
  90  6:08  Probe  
  90  6:11  Probe  
  93  6:13  Sentry x2  
  93  6:14  Sentry  
  97  6:19  Probe x2  
  97  6:24  Probe  
  100  6:28  Assimilator  
  100  6:31  Probe x2  
  100  6:32  Forge, Templar Archives, Assimilator  
  90  6:36  Probe  
  90  6:39  Observer (Chrono Boost)  
  87  6:40  Charge (Chrono Boost)  
  87  6:41  Gateway x2  
  87  6:43  Probe  
  87  6:44  Gateway  
  88  6:48  Probe  
  86  6:57  Gateway, Psionic Storm  
  86  6:59  Warp Prism  
  86  7:02  Zealot  
  86  7:03  Zealot x2  
  94  7:08  Nexus  
  94  7:09  Protoss Ground Weapons Level 1 (Chrono Boost)  
  94  7:15  Pylon  
  92  7:27  Photon Cannon  
  92  7:30  Photon Cannon  
  92  7:31  Photon Cannon  
  92  7:32  Nexus  
  92  7:35  Pylon  
  89  7:37  Pylon  
  89  7:39  High Templar x4  
  97  7:44  Zealot  
  99  8:00  Probe  
  99  8:01  High Templar  
  102  8:07  Immortal  
  102  8:08  Assimilator  
  102  8:12  Assimilator  
  108  8:14  Robotics Facility  
  108  8:15  Probe x2  
  108  8:16  Photon Cannon  
  108  8:17  Probe  
  108  8:19  Photon Cannon  
  111  8:22  Gateway  
  111  8:23  Gateway  
  111  8:24  Adept x2  
  113  8:27  Probe  
  113  8:28  Probe  
  113  8:29  Zealot x3  
  113  8:30  Photon Cannon  
  113  8:32  Photon Cannon  
  113  8:33  Pylon  
  117  8:41  Immortal  
  117  8:46  High Templar x3  
  117  8:47  High Templar  
  129  8:52  Photon Cannon, Archon x2  
  129  8:53  Pylon  
  129  8:57  Photon Cannon  
  129  9:02  Probe x2  
  129  9:04  Photon Cannon  
  129  9:05  Phoenix  
  129  9:09  Immortal  
  135  9:14  Zealot x2  
  135  9:15  Zealot  
  135  9:16  Immortal  
  141  9:17  Zealot  
  141  9:21  High Templar x2  
  151  9:25  High Templar, Archon  
  151  9:26  High Templar  
  151  9:30  Phoenix, Archon  
  157  9:40  Zealot x3  
  163  9:51  Fleet Beacon  
  161  9:54  Protoss Ground Weapons Level 2 (Chrono Boost)  
  161  9:55  Immortal, Phoenix  
  161  9:56  Zealot x3  
  161  9:57  Zealot  
  157  10:05  Photon Cannon  
  163  10:34  Pylon, Immortal  
  163  10:35  Pylon  
  162  10:37  Pylon x2  
  164  10:46  Photon Cannon, Nexus  
  164  10:48  Pylon  
  164  10:49  Pylon  
  162  10:50  Pylon, Immortal  
  162  10:51  Pylon  
  162  10:57  Stargate  
  170  10:58  High Templar, Stargate  
  170  10:59  High Templar x3  
  170  11:02  Archon  
  170  11:03  Archon  
  178  11:05  Photon Cannon  
  178  11:08  Immortal  
  174  11:14  Zealot x2  
  181  11:21  Zealot  
  181  11:22  Zealot x2  
  187  11:29  Immortal  
  187  11:36  Zealot x4  
  191  11:42  Graviton Catapult, Immortal  
  191  11:43  Protoss Air Weapons Level 1  
  187  11:48  High Templar x2  
  191  11:58  Protoss Ground Weapons Level 3 (Chrono Boost)  
  183  12:04  Carrier (Chrono Boost)  
  189  12:09  Immortal  
  193  12:19  Observer  
  193  12:22  Carrier (Chrono Boost)  
  194  12:37  Zealot x6  
  194  12:39  Anion Pulse-Crystals (Chrono Boost)  
  192  12:53  Carrier (Chrono Boost)  
  192  12:58  Photon Cannon  
  188  12:59  Photon Cannon, High Templar x2  
  188  13:01  Photon Cannon  
  188  13:03  Photon Cannon  
  188  13:05  Archon  
  192  13:06  Assimilator  
  192  13:07  Observer  
  192  13:09  Assimilator  
  187  13:23  Phoenix (Chrono Boost)  
  187  13:37  High Templar x2  
  187  13:38  High Templar  
  187  13:39  Phoenix  
  181  13:42  Photon Cannon  
  181  13:44  Zealot x2, Photon Cannon, Phoenix  
  181  13:45  Zealot x2  
  192  14:01  Phoenix  
  186  14:05  Phoenix  
  190  14:14  Phoenix  
  184  14:28  Mothership Core  
  186  14:36  High Templar x4  
  186  14:37  Zealot x5  
  200  14:41  Oracle, Archon  
  200  14:42  Archon  
  200  14:50  Nexus  
  199  14:53  Pylon  
  199  14:56  Pylon  
  183  15:17  Archon x2  
  183  15:18  Stalker x10  
Tags
 
Add a new tag
Caveats
  • Supply blocks, unpowered buildings, or Contaminate may cause inaccurate times.
  • Supply counts are checked every 10 seconds.